 Dungeon Crawl Stone Soup version 0.28.0 (webtiles) character file.

Game seed: 15808920346956647429

480 Karpo the Covert (level 6, -1/28 HPs)
             Began as a Spriggan Enchanter on Feb 17, 2022.
             Slain by a gnoll sergeant (12 damage)
             ... on level 5 of the Dungeon.
             The game lasted 00:13:59 (5333 turns).

Karpo the Covert (Spriggan Enchanter)               Turns: 5333, Time: 00:13:59

Health: -1/28      AC:  2    Str:  4    XL:     6   Next: 86%
Magic:  13/13      EV: 17    Int: 18    God:
Gold:   217        SH:  5    Dex: 16    Spells: 5/13 levels left

rFire   + . .      SeeInvis +   f - +2 dagger (drain)
rCold   + . .      Faith    .   (no shield)
rNeg    . . .      Spirit   .   b - +0 robe
rPois   .          Reflect  +   (helmet restricted)
rElec   .          Harm     .   (no cloak)
rCorr   .          Rampage  .   (gloves unavailable)
Will    +....                   (boots unavailable)
Stlth   ++++......              r - amulet of reflection
HPRegen 0.09/turn               t - ring of protection from fire
MPRegen 0.13/turn               v - ring of protection from cold

@: studying Stealth, very quick
A: very small, no large weapons, unfitting armour, see invisible, speed 3
a: no special abilities


You were on level 5 of the Dungeon.
You visited 1 branch of the dungeon, and saw 5 of its levels.

You collected 217 gold pieces.

Inventory:

Hand Weapons
 a - a +1 dagger
 d - a +1 dagger of draining
 f - a +2 dagger of draining (weapon)
Armour
 b - a +0 robe (worn)
 h - an orb of energy
Jewellery
 e - an amulet of magic regeneration
 r - an amulet of reflection (around neck)
 t - a ring of protection from fire (left hand)
 u - an amulet of regeneration
 v - a ring of protection from cold (right hand)
Scrolls
 k - 3 scrolls of identify {unknown}
 l - 2 scrolls of fear {unknown}
 o - a scroll of teleportation {unknown}
 s - a scroll of magic mapping {unknown}
Potions
 c - a potion of invisibility
 g - a potion of magic {unknown}
 i - 2 potions of degeneration {unknown}
 j - a potion of lignification {unknown}
 m - a potion of heal wounds {unknown}
 n - 2 potions of flight {unknown}
 p - a potion of mutation {unknown}
 q - a potion of attraction {unknown}


   Skills:
 - Level 5.0 Short Blades
 - Level 2.6 Dodging
 - Level 8.0 Stealth
 - Level 4.0 Spellcasting
 + Level 5.7 Hexes


You had 5 spell levels left.
You knew the following spells:

 Your Spells              Type           Power      Damage    Failure   Level
a - Confusing Touch       Hex            24%        N/A       4%          3
b - Dazzling Flash        Conj/Hex       28%        N/A       14%         3
z - Ensorcelled Hibernat  Hex/Ice        28%        N/A       7%          2

Your spell library contained the following spells:

 Spells                   Type           Power      Damage    Failure   Level
 Tukima's Dance           Hex            24%        N/A       4%          3
 Apportation              Tloc           6%         N/A       14%         1
 Magic Dart               Conj           12%        1d3       14%         1
 Call Imp                 Summ           3%         N/A       22%         2
 Corpse Rot               Necr/Air       6%         N/A       22%         2
 Searing Ray              Conj           6%         2d4       22%         2
 Conjure Flame            Conj/Fire      3%         6-21      41%         3
 Ignite Poison            Fire/Tmut/Pois 3%         N/A       41%         3
 Mephitic Cloud           Conj/Pois/Air  3%         N/A       41%         3
 Fulminant Prism          Conj/Hex       7%         3d7       41%         4
 Dispel Undead            Necr           3%         3d7       82%         4
 Sticky Flame             Conj/Fire      3%         2d3       82%         4
 Alistair's Intoxication  Tmut/Pois      2%         N/A       99%         5
 Death Channel            Necr           1%         N/A       100%        6


Dungeon Overview and Level Annotations

Branches:
Dungeon (5/15)
 Temple: D:4-7

Altars:
Okawaru
Uskayaw

Shops:
D:2 [   D:5 ([(

Annotations:
D:3 1 runed translucent door, lollipopman's ghost, amateur DsFi


Innate Abilities, Weirdness & Mutations

You are very small and have problems with some larger weapons.
You are too small for most types of armour.
You have supernaturally acute eyesight. (SInv)
You cover ground extremely quickly. (Speed+++)


Message History

A gnoll sergeant comes into view. It is wielding a +2 spear of venom.
The helpless adder fails to defend itself.
You skewer the adder like a kebab!!!
You kill the adder!
The gnoll shouts!
The gnoll misses you.
You hit the gnoll.
The gnoll is lightly wounded.
The gnoll completely misses you.
You hit the gnoll.
The gnoll is moderately wounded.
The gnoll hits you with a +0 whip.
You barely miss the gnoll.
The gnoll is moderately wounded.
You barely miss the gnoll. You punch the gnoll.
The gnoll is heavily wounded.
The gnoll misses you.
You hit the gnoll. You drain the gnoll.
The gnoll is almost dead.
The gnoll completely misses you.
You barely miss the gnoll.
The gnoll is almost dead.
The gnoll closely misses you.
You hit the gnoll.
You kill the gnoll!
Things that are here:
a +0 whip; a gnoll corpse You start resting.
HP restored.
A gnoll sergeant comes into view. It is wielding a +3 vorpal trident.
A gnoll comes into view. It is wielding a +0 club.
The gnoll moves out of view.
A nearby plant withers and dies.
The gnoll sergeant shouts!
The gnoll shouts!
You block the gnoll sergeant's attack.
You hit the gnoll sergeant but do no damage.
The gnoll sergeant hits you with a +3 vorpal trident!
You block the gnoll's attack.
The gnoll sergeant hits you from afar with a +3 vorpal trident!
You die...

########## .........##
#.........# ...PP.....#
.PP.P.P...# .P..g..g..#
.PP.g.g...#########
...P...P@.........#######
.....P....##.............
..P.P........####.#######
#.......#.#### #)#
##.######.# #.# #. #.#
#.# #. #.# #.# #. #.# #.#
#.### #.# #.#


You could see 2 gnoll sergeants and 2 gnolls.

Vanquished Creatures
  An ice beast (D:3)
  A hound (D:5)
  An orc priest (D:3)
  A bullfrog skeleton (D:4)
  An iguana (D:4)
  Terence (D:2)
  A howler monkey zombie (D:4)
  7 gnolls
  8 adders
  A white imp (D:5)
  An ufetubus (D:4)
  An adder skeleton (D:4)
  A dart slug (D:5)
  5 orcs
  5 ball pythons
  6 bats
  6 endoplasms
  5 giant cockroaches
  7 hobgoblins
  4 jackals (D:4)
  3 quokkas
  3 frilled lizards
  5 goblins
  9 kobolds
  7 rats
91 creatures vanquished.

Vanquished Creatures (others)
  9 plants (D:5)
9 creatures vanquished.

Grand Total: 100 creatures vanquished

Notes
Turn   | Place    | Note
-------+----------+-------------------------------------------
     0 | D:1      | Karpo the Spriggan Enchanter began the quest for the Orb.
     0 | D:1      | Reached XP level 1. HP: 9/9 MP: 5/5
   163 | D:1      | Reached skill level 5 in Stealth
   262 | D:1      | Reached XP level 2. HP: 13/13 MP: 6/6
   265 | D:1      | Learned a level 2 spell: Ensorcelled Hibernation
  1407 | D:2      | Reached skill level 6 in Stealth
  1463 | D:2      | Found Zycwalli's Armour Shoppe.
  1497 | D:2      | Found a hide-covered altar of Uskayaw.
  1920 | D:2      | Reached XP level 3. HP: 7/15 MP: 8/8
  2236 | D:2      | Noticed Terence
  2239 | D:2      | Killed Terence
  2240 | D:2      | Reached skill level 7 in Stealth
  2357 | D:2      | Reached skill level 8 in Stealth
  2521 | D:2      | Reached XP level 4. HP: 21/21 MP: 9/9
  2883 | D:2      | Learned a level 3 spell: Confusing Touch
  2887 | D:2      | Learned a level 3 spell: Dazzling Flash
  3078 | D:3      | Found a runed translucent door.
  3078 | D:3      | Noticed lollipopman's ghost (amateur DsFi)
  3348 | D:3      | Noticed an ice beast
  3357 | D:3      | Killed an ice beast
  3358 | D:3      | Reached skill level 5 in Short Blades
  3358 | D:3      | Reached XP level 5. HP: 24/24 MP: 10/10
  3433 | D:3      | Reached XP level 6. HP: 19/28 MP: 5/12
  4559 | D:4      | Reached skill level 5 in Hexes
  4673 | D:4      | Found an iron altar of Okawaru.
  5013 | D:5      | Entered Level 5 of the Dungeon
  5013 | D:5      | Found Fiqaki's Antique Armour Emporium.
  5063 | D:5      | Found Qurol's Antique Weapon Emporium.
  5249 | D:5      | Found Xohism's Weapon Shoppe.
  5333 | D:5      | Slain by a gnoll sergeant

Illustrated notes

Levels and vault maps discovered:
D:1:      erik_arrival_triangle_large, layout_basic
D:2:      minmay_razor_zed, layout_basic, basic_altar, serial_shops,
          nicolae_shop_stone, chequers_serial_rivers_micro_e,
          grunt_decor_arrowhead, minmay_misc_feat_columns, minmay_hedge_maze,
          grunt_decor_cap, uniq_terence
D:3:      layout_rooms, hellmonk_ghost_happy_afterlife
D:4:      layout_basic, okawaru_gym_becter, hangedman_abyss_or_decor_stabs,
          kennysheep_generic_room_9
D:5:      cheibrodos_barr_body, layout_loops_ring, serial_shops,
          nicolae_stop_n_shop_2, kennysheep_little_box,
          nicolae_shop_hallway_stairs, nicolae_take_the_stairs, nrook_uturn,
          nicolae_grassy_gnolls

Skill      XL: |  1  2  3  4  5  6 |
---------------+-------------------+-----
Stealth        | 5 6 8 |  8.0
Short Blades   | 2 5 |  5.0
Spellcasting   | 3 4 |  4.0
Hexes          | 4 5 |  5.7
Dodging        | |  2.6

Action                   |  1- 3 |  4- 6 || total
-------------------------+-------+-------++-------
Melee: Dagger            |    62 |   160 ||   222
       Punch             |       |     1 ||     1
 Cast: Ensorcelled Hiber |     2 |    28 ||    30
       Confusing Touch   |       |     1 ||     1
 Stab: Sleeping          |    17 |    27 ||    44
Armor: Robe              |     5 |    10 ||    15
Dodge: Dodged            |    26 |    94 ||   120
Block: Other             |       |     8 ||     8
